[ AOE2 MATCH · #505082682 ]
UnrankedTeutons vs Bengalis
Player's team · LOSS
Rival team · WIN
[ REPLAY ANALYSIS · EXTRACTED FROM THE RECORDED GAME ]
Feudal
—
Castle
—
Imperial
—
| APM avg | 76.9 |
| APM peak | 143 |
| eAPM avg | 33.5 |
| Villagers / military | 35 / 3 |
Focus
⚔️ 37.2% · 🌾 62.8%
Militia ×3
Feudal
8:51
Castle
—
Imperial
—
| APM avg | 62.1 |
| APM peak | 112 |
| eAPM avg | 16.5 |
| Villagers / military | 28 / 2 |
Focus
⚔️ 27.9% · 🌾 72.1%
Scout Cavalry ×2
Match map
Initial resources + every placement click. Lines = walls · curves = elevation contours. ◆ gold · ⬟ stone · ● berries · ✦ relic · ◌ wall gap
Your base
DS_Champi WarrioR's base
Smoothed initial terrain · ◌ = detected wall gap · hover for details
Inputs per minute
— Dobbs351 - - DS_Champi WarrioR
Build order — Dobbs351
61 actions detected in the replay
| 0:01 | Create | Villager (Male) |
| 0:02 | Build | House |
| 0:03 | Build | House |
| 0:09 | Create | Villager (Male) |
| 0:09 | Create | Villager (Male) |
| 0:19 | Create | Villager (Male) |
| 0:20 | Create | Villager (Male) |
| 1:26 | Create | Villager (Male) |
| 1:26 | Create | Villager (Male) |
| 1:55 | Create | Villager (Male) |
| 1:55 | Create | Villager (Male) |
| 2:23 | Create | Villager (Male) |
| 2:26 | Build | Lumber Camp |
| 2:50 | Create | Villager (Male) |
| 3:01 | Create | Villager (Male) |
| 3:34 | Create | Villager (Male) |
| 3:50 | Build | House |
| 4:02 | Create | Villager (Male) |
| 4:29 | Create | Villager (Male) |
| 4:40 | Build | Barracks |
| 4:55 | Build | House |
| 4:58 | Create | Villager (Male) |
| 5:07 | Research | Loom |
| 5:08 | Research | Loom |
| 5:11 | Create | Villager (Male) |
| 5:30 | Create | Villager (Male) |
| 5:38 | Create | Militia |
| 5:39 | Create | Militia |
| 5:52 | Create | Villager (Male) |
| 5:52 | Create | Villager (Male) |
| 6:00 | Build | House |
| 6:17 | Create | Villager (Male) |
| 6:30 | Create | Militia |
| 6:47 | Create | Villager (Male) |
| 6:51 | Build | Mill |
| 7:01 | Create | Villager (Male) |
| 7:17 | Build | Palisade Wall |
| 7:18 | Build | Palisade Wall |
| 7:23 | Create | Villager (Male) |
| 7:33 | Create | Villager (Male) |
| 7:42 | Build | Palisade Wall |
| 7:45 | Build | Palisade Wall |
| 7:50 | Create | Villager (Male) |
| 8:04 | Create | Villager (Male) |
| 8:24 | Create | Villager (Male) |
| 8:43 | Build | House |
| 8:44 | Build | Palisade Wall |
| 8:49 | Create | Villager (Male) |
| 9:01 | Create | Villager (Male) |
| 9:22 | Create | Villager (Male) |
| 9:30 | Research | Loom |
| 9:30 | Research | Loom |
| 9:59 | Build | Palisade Wall |
| 10:02 | Build | Palisade Wall |
| 10:05 | Build | Palisade Wall |
| 10:08 | Create | Villager (Male) |
| 10:12 | Create | Villager (Male) |
| 10:29 | Create | Villager (Male) |
| 10:32 | Build | Palisade Wall |
| 10:34 | Build | Palisade Wall |
| 10:37 | Create | Villager (Male) |
Build order — DS_Champi WarrioR
52 actions detected in the replay
| 0:01 | Create | Villager (Male) |
| 0:01 | Create | Villager (Male) |
| 0:01 | Create | Villager (Male) |
| 0:01 | Create | Villager (Male) |
| 0:02 | Create | Villager (Male) |
| 0:03 | Build | House |
| 0:04 | Build | House |
| 1:28 | Create | Villager (Male) |
| 2:00 | Create | Villager (Male) |
| 2:00 | Create | Villager (Male) |
| 2:13 | Build | Lumber Camp |
| 2:26 | Create | Villager (Male) |
| 2:26 | Create | Villager (Male) |
| 2:51 | Create | Villager (Male) |
| 2:51 | Create | Villager (Male) |
| 3:06 | Create | Villager (Male) |
| 3:06 | Create | Villager (Male) |
| 3:40 | Create | Villager (Male) |
| 3:40 | Create | Villager (Male) |
| 3:53 | Build | House |
| 4:11 | Create | Villager (Male) |
| 4:25 | Build | Mill |
| 4:35 | Create | Villager (Male) |
| 4:57 | Create | Villager (Male) |
| 5:15 | Create | Villager (Male) |
| 6:06 | Research | Loom |
| 6:32 | Research | Feudal Age |
| 6:32 | Research | Feudal Age |
| 6:45 | Build | Lumber Camp |
| 7:32 | Build | House |
| 7:55 | Build | Barracks |
| 8:34 | Create | Villager (Male) |
| 8:39 | Build | Palisade Wall |
| 8:40 | Build | Palisade Wall |
| 8:41 | Build | Palisade Wall |
| 8:44 | Build | Palisade Wall |
| 8:51 | Age | Feudal Age |
| 8:55 | Build | Stable |
| 8:55 | Create | Villager (Male) |
| 9:10 | Build | House |
| 9:29 | Build | Mill |
| 9:31 | Create | Villager (Male) |
| 9:37 | Build | Palisade Wall |
| 9:38 | Build | Palisade Wall |
| 9:39 | Build | Palisade Wall |
| 9:42 | Create | Scout Cavalry |
| 9:42 | Create | Scout Cavalry |
| 9:54 | Create | Villager (Male) |
| 10:08 | Create | Villager (Male) |
| 10:19 | Create | Villager (Male) |
| 10:23 | Create | Villager (Male) |
| 10:32 | Create | Villager (Male) |
Match timeline
| 4:40 | Dobbs351 · first_building Barracks |
| 7:17 | Dobbs351 · wall_segment Palisade Wall x1 |
| 7:18 | Dobbs351 · wall_segment Palisade Wall x5 |
| 7:42 | Dobbs351 · wall_segment Palisade Wall x1 |
| 7:45 | Dobbs351 · wall_segment Palisade Wall x17 |
| 7:55 | DS_Champi WarrioR · first_building Barracks |
| 8:39 | DS_Champi WarrioR · wall_segment Palisade Wall x1 |
| 8:40 | DS_Champi WarrioR · wall_segment Palisade Wall x1 |
| 8:41 | DS_Champi WarrioR · wall_segment Palisade Wall x1 |
| 8:44 | Dobbs351 · wall_segment Palisade Wall x16 |
| 8:44 | DS_Champi WarrioR · wall_segment Palisade Wall x1 |
| 8:51 | DS_Champi WarrioR · age_up feudal |
| 8:55 | DS_Champi WarrioR · first_building Stable |
| 9:37 | DS_Champi WarrioR · wall_segment Palisade Wall x1 |
| 9:38 | DS_Champi WarrioR · wall_segment Palisade Wall x1 |
| 9:39 | DS_Champi WarrioR · wall_segment Palisade Wall x2 |
| 9:59 | Dobbs351 · wall_segment Palisade Wall x1 |
| 10:02 | Dobbs351 · wall_segment Palisade Wall x1 |
| 10:05 | Dobbs351 · wall_segment Palisade Wall x1 |
| 10:32 | Dobbs351 · wall_segment Palisade Wall x1 |
| 10:34 | Dobbs351 · wall_segment Palisade Wall x1 |
| 10:43 | Dobbs351 · resign |
[ AI ANALYSIS · 1 CREDIT ]
What really happened in this match?
Wolo.gg analyzes every decision: build order, eco, micro, common mistakes by bracket. Personalized analysis on WhatsApp or Discord in 30 seconds.
Civ guide
Teutons
Perfil
Jugador #246423